 Dungeon Crawl Stone Soup version 0.25-a0-566-g062765be81 (webtiles) character file.

Game seed: 9763372140816530821, levelgen mode: classic

71 EnegeticOcto the Shield-Bearer (level 4, -4/42 HPs)
             Began as a Deep Dwarf Fighter on Feb 28, 2020.
             Slain by an ogre
             ... wielding a +0 giant club
              (25 damage)
             ... on level 4 of the Dungeon.
             The game lasted 00:00:19 (330 turns).

EnegeticOcto the Shield-Bearer (Deep Dwarf Fighter)  Turns: 330, Time: 00:00:20

Health: -4/42      AC:  6    Str: 20    XL:     4   Next: 5%
Magic:  4/4        EV:  8    Int:  9    God:
Gold:   26         SH:  9    Dex: 12    Spells: 3/3 levels left

rFire    . . .     SeeInvis .   a - +0 war axe
rCold    . . .     Gourm    .   c - +0 kite shield
rNeg     . . .     Faith    .   b - +0 scale mail
rPois    .         Spirit   .   (no helmet)
rElec    .         Reflect  .   (no cloak)
rCorr    .         Harm     .   (no gloves)
MR       .....                  (no boots)
Stlth    ..........             (no amulet)
HPRegen  0.00/turn              (no ring)
MPRegen  0.09/turn              (no ring)

@: non-regenerating
A: damage resistance, heal wounds, sense surroundings 1, no regeneration
a: Heal Wounds


You were on level 4 of the Dungeon.
You were not hungry.

You visited 1 branch of the dungeon, and saw 4 of its levels.

You collected 26 gold pieces.

Inventory:

Hand Weapons
 a - a +0 war axe (weapon)
Armour
 b - a +0 scale mail (worn)
 c - a +0 kite shield (worn)
Scrolls
 d - a scroll of amnesia {unknown}
 g - a scroll of identify {unknown}
 h - a scroll of magic mapping {unknown}
 j - a scroll of remove curse {unknown}
Potions
 i - 4 potions of curing {unknown}
 k - a potion of might {@q3}
 l - a potion of mutation {unknown}
Comestibles
 e - 2 rations
 f - 6 chunks of flesh


   Skills:
 * Level 3.3 Fighting
 * Level 3.1 Axes
 + Level 3.6 Armour
 + Level 1.2 Dodging
 + Level 3.6 Shields


You had 3 spell levels left.
You didn't know any spells.
Your spell library was empty.

Dungeon Overview and Level Annotations

Branches:
Dungeon (4/15)
 Temple: D:4-7

Altars:


Innate Abilities, Weirdness & Mutations

You are resistant to damage.
You can heal yourself by infusing magical energy.
You passively map a small area around you.
You do not regenerate.


Message History

There are monsters nearby!
There are monsters nearby!
The gnoll shouts!
Found a robe and a ration.
Found a ruby potion and 24 arrows.
The gnoll hits you with a +0 spear. You block the gnoll's attack.
You closely miss the gnoll. You barely miss the gnoll.
The gnoll barely misses you. You block the gnoll's attack.
There are monsters nearby!
There are monsters nearby!
There are monsters nearby!
You slash the gnoll!
The gnoll is severely wounded.
Your shield prevents you from hitting the gnoll.
You hit the gnoll. The gnoll hits you with a +0 whip.
The gnoll hits you with a +0 spear.
The gnoll hits you with a cursed +0 halberd!
The gnoll hits you but does no damage. The gnoll closely misses you.
You hit the gnoll.
The gnoll is almost dead.
You closely miss the gnoll. You hit the gnoll.
The gnoll hits you with a cursed +0 halberd!
The gnoll barely misses you. You block the gnoll's attack.
You slash the gnoll!
You kill the gnoll!
Your Dodging skill increases to level 1!
You slash the gnoll! x2; You block the gnoll's attack. x2
You hit the gnoll.
You kill the gnoll!
Your Axes skill increases to level 3!
You hit the gnoll.
You kill the gnoll!
You have reached level 4!
You feel clever.
Things that are here:
a cursed +0 halberd; a gnoll corpse You butcher the gnoll corpse.
f - 6 chunks of flesh (gained 4)
Things that are here:
a cursed +0 halberd; a gnoll skeleton
Things that are here:
a cursed +0 halberd; a gnoll skeleton
e - 2 rations (gained 1)
l - a ruby potion
i - 2 brown potions (gained 1)
i - 4 brown potions (gained 2)
A frilled lizard comes into view.
The frilled lizard hisses angrily.
The frilled lizard moves out of view.
An orc comes into view. It is wielding a +0 falchion.
The orc shouts!
There are monsters nearby!
There are monsters nearby!
There are monsters nearby!
There are monsters nearby!
You fail to use your ability.
There are monsters nearby!
There are monsters nearby!
You closely miss the frilled lizard. The frilled lizard barely misses you.
You slash the frilled lizard!
You kill the frilled lizard!
No target in view!
No target in view!
No target in view!
No target in view!
No target in view!
No target in view!
No target in view!
No target in view!
No target in view!
No target in view!
No target in view!
Found a trident.
You slash the orc!
You kill the orc!
No target in view!
No target in view!
No target in view!
No target in view!
No target in view!
No target in view!
No target in view!
You see here a +0 falchion.
You open the door.
An ogre comes into view. It is wielding a +0 giant club.
An ogre is nearby!
An ogre is nearby!
An ogre is nearby!
An ogre is nearby!
An ogre is nearby!
An ogre is nearby!
An ogre is nearby!
An ogre is nearby!
The ogre shouts!
The ogre barely misses you.
You hit the ogre.
The ogre is moderately wounded.
The ogre hits you with a +0 giant club!!
Ouch! That really hurt!
You die...

##########....#### , ..
..............#,
##########)...##.#
..............'..#
##########....####+####.
...# #....# ....... * *
...# #....# *....^..
...# #....###......., *
...# ####...@O...... ,
...# #........... * ...#
#..)........ ...#
#..........., ...#
#........... ...#
#..........., , ...#
#......#.... ####
#......#.... * *


You could see an ogre.

Vanquished Creatures
  2 adders
  3 gnolls (D:4)
  A dart slug (D:3)
  An orc (D:4)
  A ball python (D:1)
  2 giant cockroaches (D:2)
  2 hobgoblins (D:2)
  4 jackals (D:2)
  3 kobolds
  A frilled lizard (D:4)
  A rat (D:1)
21 creatures vanquished.

Notes
Turn   | Place    | Note
-------+----------+-------------------------------------------
     0 | D:1      | EnegeticOcto the Deep Dwarf Fighter began the quest for the
                  | Orb.
     0 | D:1      | Reached XP level 1. HP: 20/20 MP: 1/1
   138 | D:2      | Reached XP level 2. HP: 23/28 MP: 2/2
   198 | D:3      | Reached XP level 3. HP: 19/34 MP: 3/3
   273 | D:4      | Reached skill level 1 in Dodging
   274 | D:4      | Reached XP level 4. HP: 21/42 MP: 4/4
   326 | D:4      | Noticed an ogre
   330 | D:4      | Slain by an ogre

Levels and vault maps discovered:
D:1:      elethiomel_arrival_shortcut, layout_basic
D:2:      layout_basic, lemuel_doored_altar, uniq_robin
D:3:      layout_loops_ring
D:4:      layout_basic

Skill      XL: |  1  2  3 |
---------------+----------+-----
Fighting       | 3 |  3.3
Dodging        | 1 |  1.2
Axes           | 3 |  3.1
Armour         | |  3.6
Shields        | |  3.6

Action                   |  1- 3 |  4- 6 || total
-------------------------+-------+-------++-------
Melee: War axe           |    35 |     4 ||    39
 Abil: Heal Wounds       |     1 |       ||     1
Armor: Scale mail        |    12 |       ||    12
Dodge: Dodged            |    14 |     2 ||    16
Block: Kite shield       |    26 |       ||    26

Table legend:
 A = Non-vault XP
 B = Vault XP
 C = Vault XP percentage of total XP
 D = Non-vault monster count
 E = Vault monster count
 F = Vault count percentage of total count
                 A         B        C        D         E       F
            +---------+---------+-------+---------+---------+-------
      Total |     102 |       0 |   0.0 |      21 |       0 |   0.0
            +---------+---------+-------+---------+---------+-------
        D:1 |       5 |       0 |   0.0 |       3 |       0 |   0.0
        D:2 |      32 |       0 |   0.0 |      10 |       0 |   0.0
        D:3 |       5 |       0 |   0.0 |       2 |       0 |   0.0
        D:4 |      60 |       0 |   0.0 |       6 |       0 |   0.0
            +---------+---------+-------+---------+---------+-------
